cohdb
Replays
Latest Replays
All Replays
Popular Replays
Top Player Replays
Match Explorer
How It Works
Community
CoH3 Stats
Reddit
Sign in to upload your games and track your stats! →
Sign in with Steam
Match 41359887
Unlisted
Match 41359887
Overview
Messages
Build Orders
End
Construct Section Command Post
Selects Canadian Shock Battlegroup
Infantry Section
Infantry Section
Infantry Section
ML 3-inch Mortar Team
Construct Platoon Command Post
Selects Attacking Spirit
Humber Armored Car
CMP 15cwt Truck
Selects Incendiary Munitions
Infantry Training
Grenade Package
Selects Canadian Shock Section
Canadian Shock Section
Construct Company Command Post
Selects Pyrotechnics
Matilda II Heavy Tank
Matilda II Heavy Tank
Armored Vehicle Training
TidaL
neil911
E连 914
Tesla
屑馒头_super sher
15832000298
jimmy245165
蓝木
0
0
Comments
sign in to comment!
No comments posted yet!